[Event "FRA-ch Youth U12 2019"]
[Site "Hyeres"]
[Date "2019.04.14"]
[Round "1.1"]
[White "Maurizzi, Marc Andria"]
[Black "Gachon, Alban"]
[Result "1-0"]
[ECO "C54"]
[WhiteElo "2276"]
[BlackElo "1543"]
[Annotator "NA"]
[PlyCount "107"]
[EventDate "2019.04.14"]
[EventType "swiss"]
[EventCountry "FRA"]
[SourceTitle "playchess.com"]
[Source "ChessBase"]
[SourceQuality "1"]
[TimeControl "5400+30"]

1. e4 e5 2. Nf3 Nc6 3. Bc4 Bc5 4. O-O Nf6 5. d3 O-O 6. c3 d6 7. a4 a5 8. Bg5 Bg4 9. Nbd2 h6 10. Bh4 Bb6 11. h3 Be6 12. Kh1 Qe7 13. Bb3 Rad8 14. Nc4 Ba7 15. Ne3 Bxe3 16. fxe3 Nb8 17. d4 Bxb3 18. Qxb3 b6 19. Bxf6 Qxf6 20. Nxe5 Qe7 21. Ng6 Qxe4 22. Nxf8 Rxf8 23. Qc4 c5 24. Rf3 Nd7 25. Qb5 Rd8 26. Raf1 f6 27. dxc5 Nxc5 28. Qxb6 Nb7 29. Rf4 Qd5 30. Rd4 Qf7 31. b4 axb4 32. cxb4 Qd7 33. a5 Ra8 34. a6 Nd8 35. Rxd6 Qe7 36. a7 Nb7 37. Rc6 Nd8 38. Rc7 Qe4 39. Qb8 Kh7 40. Rc8 Qd3 41. Rg1 Rxb8 42. axb8=Q Ne6 43. Rh8+ Kg6 44. Qe8+ Kg5 45. Qxe6 h5 46. h4+ Kg6 47. Qe8+ Kf5 48. g4+ hxg4 49. Rh5+ g5 50. Qc8+ Kg6 51. Qxg4 Qd5+ 52. e4 Qd3 53. Qf5+ Kg7 54. Rgxg5+ 1-0

[Event "FRA-ch Youth U12 2019"]
[Site "Hyeres"]
[Date "2019.04.14"]
[Round "1.2"]
[White "Dimey-Gabert, Quentin"]
[Black "Bat, Bilguun"]
[Result "0-1"]
[ECO "E49"]
[WhiteElo "1540"]
[BlackElo "2163"]
[Annotator "NA"]
[PlyCount "104"]
[EventDate "2019.04.14"]
[EventType "swiss"]
[EventCountry "FRA"]
[SourceTitle "playchess.com"]
[Source "ChessBase"]
[SourceQuality "1"]
[TimeControl "5400+30"]

1. d4 Nf6 2. c4 e6 3. Nc3 Bb4 4. e3 O-O 5. a3 Bxc3+ 6. bxc3 c5 7. Bd3 Nc6 8. Ne2 d5 9. O-O a6 10. cxd5 exd5 11. Ng3 Re8 12. Re1 cxd4 13. cxd4 Be6 14. Bd2 b5 15. Bb4 Na5 16. Bxa5 Qxa5 17. Qb3 Rac8 18. Qb4 Qc7 19. Ne2 Bg4 20. Rac1 Qd7 21. Nf4 Bf5 22. Bxf5 Qxf5 23. Rxc8 Qxc8 24. Nd3 Qf5 25. Nc5 h6 26. Nxa6 Ng4 27. Qd2 Ra8 28. Nc7 Rc8 29. Rc1 Qd7 30. Nxb5 Ra8 31. Qe2 Nf6 32. Ra1 Ra4 33. Nc3 Rc4 34. Nd1 Qc6 35. Qe1 Ne4 36. f3 Ng5 37. Nb2 Rc2 38. Nd3 Qg6 39. Qf1 Nh3+ 40. Kh1 Qxd3 41. gxh3 Qd2 42. Qg1 Qe2 43. Rf1 Ra2 44. a4 Rxa4 45. Qf2 Qd3 46. Re1 Rc4 47. Qe2 Qb3 48. Rd1 Rc2 49. Rd2 Qb1+ 50. Kg2 Rc1 51. Qf2 Rc6 52. h4 Rg6+ 0-1

[Event "FRA-ch Youth U12 2019"]
[Site "Hyeres"]
[Date "2019.04.14"]
[Round "1.3"]
[White "Makkar, Rajat"]
[Black "Pitaval, Lubin"]
[Result "1-0"]
[ECO "A83"]
[WhiteElo "2147"]
[BlackElo "1540"]
[Annotator "NA"]
[PlyCount "51"]
[EventDate "2019.04.14"]
[EventType "swiss"]
[EventCountry "FRA"]
[SourceTitle "playchess.com"]
[Source "ChessBase"]
[SourceQuality "1"]
[TimeControl "5400+30"]

1. d4 f5 2. Nc3 Nf6 3. Bg5 e6 4. e4 fxe4 5. Nxe4 Be7 6. Bxf6 Bxf6 7. Nf3 O-O 8. Bd3 Nc6 9. c3 b6 10. Qc2 g6 11. h4 d5 12. Neg5 e5 13. Bxg6 e4 14. Bxh7+ Kg7 15. O-O-O Ne7 16. Ne5 Bxg5+ 17. hxg5 Rh8 18. g6 Be6 19. Qd2 Ng8 20. Bxg8 Qxg8 21. Qg5 Re8 22. Rh7+ Rxh7 23. gxh7+ Kf8 24. hxg8=Q+ Bxg8 25. Qf6+ Bf7 26. Qxf7# 1-0

[Event "FRA-ch Youth U12 2019"]
[Site "Hyeres"]
[Date "2019.04.14"]
[Round "1.4"]
[White "Menoux, Joachim"]
[Black "Mekhane, Adam"]
[Result "0-1"]
[ECO "D77"]
[WhiteElo "1537"]
[BlackElo "1995"]
[Annotator "NA"]
[PlyCount "64"]
[EventDate "2019.04.14"]
[EventType "swiss"]
[EventCountry "FRA"]
[SourceTitle "playchess.com"]
[Source "ChessBase"]
[SourceQuality "1"]
[TimeControl "5400+30"]

1. Nf3 Nf6 2. g3 g6 3. Bg2 Bg7 4. O-O O-O 5. d4 d5 6. c4 dxc4 7. Bf4 c5 8. Qc2 cxd4 9. Qxc4 Nc6 10. Rd1 Qb6 11. Nbd2 Be6 12. Qc2 Nd5 13. Nc4 Qc5 14. Rac1 Nxf4 15. gxf4 Nb4 16. Qd2 Nxa2 17. Rc2 Bxc4 18. b3 Nc3 19. bxc4 Nxd1 20. Qxd1 a5 21. Ne5 Bxe5 22. fxe5 Ra7 23. Rb2 a4 24. Rxb7 Rxb7 25. Bxb7 Qxc4 26. Be4 a3 27. Qa1 Qc3 28. Qb1 Qb2 29. Kf1 Qxb1+ 30. Bxb1 Rc8 31. Ba2 Rc1+ 32. Kg2 Rc2 0-1

[Event "FRA-ch Youth U12 2019"]
[Site "Hyeres"]
[Date "2019.04.15"]
[Round "2.4"]
[White "Mekhane, Adam"]
[Black "Volkov, Andreiy"]
[Result "1-0"]
[ECO "B38"]
[WhiteElo "1995"]
[BlackElo "1628"]
[Annotator "NA RC"]
[PlyCount "59"]
[EventDate "2019.04.14"]
[EventType "swiss"]
[EventCountry "FRA"]
[SourceTitle "playchess.com"]
[Source "ChessBase"]
[SourceQuality "1"]
[TimeControl "5400+30"]

1. e4 c5 2. Nf3 Nc6 3. d4 cxd4 4. Nxd4 g6 5. c4 Bg7 6. Be3 Nf6 7. Nc3 O-O 8. Nc2 d6 9. Be2 Bd7 10. O-O Rc8 11. f3 b6 {[%emt 0:10:43] B38: Sicilian: Maroczy Bind with 5...Bg7 and 7...0-0} (11... a6 12. Qd2 Ne5 13. Na3 Re8 14. Rab1 Qc7 15. Rfc1 Qa5 16. Rc2 {½-½ (16) Bacrot,E (2695)-Gharamian,T (2672) Belfort 2012}) 12. Qd2 Ne5 13. b3 Ne8 14. Rac1 Nc7 $146 ({Predecessor:} 14... f5 15. exf5 gxf5 16. Rfe1 Kh8 17. Nd4 Ng6 18. Bf1 f4 19. Bf2 Nc7 {1-0 (41) Baum,B (2314)-Schneider,A (2088) Marianske Lazne 2018}) 15. Nb4 Nc6 16. Nbd5 Nxd5 17. Nxd5 Ne5 18. f4 Ng4 {[%emt 0:03:34] [#]} (18... Nc6 $16 {keeps fighting.}) 19. Bxg4 $1 Bxg4 {[%emt 0:00:06] [#]} 20. f5 $1 e6 21. f6 exd5 22. fxg7 Kxg7 $2 (22... Re8 {is more resistant.}) 23. Bh6+ Kg8 24. Qd4 f6 25. Bxf8 Qxf8 26. Rxf6 Qg7 27. Qxd5+ Kh8 28. Rcf1 Rd8 29. Rxd6 Rxd6 30. Qxd6 $18 1-0

[Event "FRA-ch Youth U12 2019"]
[Site "Hyeres"]
[Date "2019.04.15"]
[Round "3.2"]
[White "Deblock, Kien"]
[Black "Bat, Bilguun"]
[Result "0-1"]
[ECO "B22"]
[WhiteElo "1642"]
[BlackElo "2163"]
[Annotator "NA"]
[PlyCount "60"]
[EventDate "2019.04.14"]
[EventType "swiss"]
[EventCountry "FRA"]
[SourceTitle "playchess.com"]
[Source "ChessBase"]
[SourceQuality "1"]
[TimeControl "5400+30"]

1. e4 c5 2. c3 d5 3. exd5 Nf6 4. d4 Qxd5 5. Nf3 Bg4 6. Be2 Nc6 7. Be3 e6 8. dxc5 Qxd1+ 9. Bxd1 Nd5 10. Bd4 Nf4 11. O-O Rd8 12. Nbd2 Be7 13. b4 O-O 14. Nb3 $14 Nd5 15. b5 Nxd4 16. cxd4 Bf5 17. Be2 g5 18. Rfc1 g4 19. Ne5 Nf4 20. Bd1 h5 21. a4 f6 22. Nc4 Be4 23. g3 Nh3+ 24. Kf1 f5 25. Bc2 Bd5 26. Bd3 f4 27. Rc2 fxg3 28. hxg3 Rf3 29. Rd1 Rdf8 30. Rdd2 Rxg3 0-1

[Event "FRA-ch Youth U12 2019"]
[Site "Hyeres"]
[Date "2019.04.15"]
[Round "3.3"]
[White "Makkar, Rajat"]
[Black "Lesueur, Gabriel"]
[Result "0-1"]
[ECO "E69"]
[WhiteElo "2147"]
[BlackElo "1589"]
[Annotator "NA"]
[PlyCount "78"]
[EventDate "2019.04.14"]
[EventType "swiss"]
[EventCountry "FRA"]
[SourceTitle "playchess.com"]
[Source "ChessBase"]
[SourceQuality "1"]
[TimeControl "5400+30"]

1. d4 Nf6 2. c4 g6 3. g3 Bg7 4. Bg2 O-O 5. Nf3 d6 6. Nc3 Nbd7 7. O-O e5 8. e4 c6 9. h3 Qe7 10. Re1 Re8 11. b3 a5 12. Ba3 exd4 13. Nxd4 Nc5 14. f4 Nh5 15. Kh2 f5 {[%emt 0:00:23] [#]} 16. e5 $16 Nxg3 17. Bxc5 dxc5 18. Nxc6 Qh4 19. Bd5+ Be6 20. Qf3 Nh5 21. Rf1 g5 22. Ne2 bxc6 23. Bxc6 Nxf4 24. Nxf4 Bxe5 25. Bxa8 Qxf4+ 26. Qxf4 Bxf4+ 27. Rxf4 gxf4 28. Bf3 Bf7 29. Rd1 a4 30. bxa4 Bxc4 31. Rc1 Re3 32. Kg2 Bxa2 33. Rxc5 Ra3 34. a5 Bb1 35. Bd5+ Kg7 36. Bc4 Be4+ 37. Kh2 Ra1 38. Rc7+ Kh6 39. Bf1 Rxf1 0-1

[Event "FRA-ch Youth U12 2019"]
[Site "Hyeres"]
[Date "2019.04.15"]
[Round "3.4"]
[White "Garrigue, Julian"]
[Black "Mekhane, Adam"]
[Result "0-1"]
[ECO "B22"]
[WhiteElo "1562"]
[BlackElo "1995"]
[Annotator "NA"]
[PlyCount "102"]
[EventDate "2019.04.14"]
[EventType "swiss"]
[EventCountry "FRA"]
[SourceTitle "playchess.com"]
[Source "ChessBase"]
[SourceQuality "1"]
[TimeControl "5400+30"]

1. e4 c5 2. d4 cxd4 3. c3 Nf6 4. e5 Nd5 5. cxd4 d6 6. Nf3 Nc6 7. Bc4 Nb6 8. Bd3 {[%emt 0:00:45] B22: Sicilian: 2 c3} (8. Bb5 Bd7 9. exd6 e6 10. Bg5 f6 11. Be3 Bxd6 12. Nc3 Nb4 13. Be2 N4d5 14. O-O O-O 15. Bd3 Rc8 16. Rc1 Be8 17. Nxd5 Nxd5 18. Rxc8 Qxc8 {0-1 (26) Potkin,V (2597)-Nepomniachtchi,I (2763) Moscow 2018}) 8... g6 9. O-O Bg7 10. Re1 O-O 11. Bf4 $146 ({Predecessor:} 11. a3 dxe5 12. dxe5 Bg4 13. Bf4 Nd5 14. Bg3 e6 15. Nbd2 Nf4 {½-½ (38) Qin,J (1685)-Taylor,R (1888) Auckland 2016}) 11... Bg4 12. Be2 (12. exd6 $1 $15 exd6 13. Be2) 12... dxe5 13. dxe5 Bxf3 14. Bxf3 Qxd1 15. Bxd1 ({White should try} 15. Rxd1 Nxe5 16. Bxb7) 15... Nc4 16. Bc2 N4xe5 ({Don't play} 16... Bxe5 17. Bxe5 N4xe5 18. Nc3 $17) 17. Nc3 Nc4 18. Bc1 Rfd8 19. Rd1 $19 Nb4 20. Bb3 Rxd1+ 21. Bxd1 Nd3 22. Na4 b5 23. Be2 Rd8 24. Nc3 b4 25. Na4 Rd7 26. Rb1 h5 27. b3 Nxc1 28. Rxc1 Ne5 29. f4 Ng4 30. h3 Ne3 31. Kf2 Nd5 32. Rd1 e6 33. g4 hxg4 34. hxg4 Rc7 35. Kf3 Rc2 36. Bc4 Nc3 37. Rd8+ Kh7 38. Bd3 Rxa2 39. Rb8 Nxa4 40. bxa4 Rxa4 41. Bc2 Ra3+ 42. Ke4 Bc3 43. f5 gxf5+ 44. gxf5 exf5+ 45. Kxf5 Kg7 46. Rb5 a5 47. Kg5 a4 48. Rc5 Bf6+ 49. Kf4 b3 50. Bb1 Ra1 51. Rc1 a3 0-1

[Event "FRA-ch Youth U12 2019"]
[Site "Hyeres"]
[Date "2019.04.17"]
[Round "5.1"]
[White "Maurizzi, Marc Andria"]
[Black "Mekhane, Adam"]
[Result "1-0"]
[ECO "B31"]
[WhiteElo "2276"]
[BlackElo "1995"]
[Annotator "NA RC"]
[PlyCount "125"]
[EventDate "2019.04.14"]
[EventType "swiss"]
[EventCountry "FRA"]
[SourceTitle "playchess.com"]
[Source "ChessBase"]
[SourceQuality "1"]
[TimeControl "5400+30"]

1. e4 c5 2. Nf3 Nc6 3. Nc3 g6 4. Bb5 Bg7 5. O-O Nd4 6. Ba4 a6 {[%emt 0:03:49] B31: Sicilian: 2...Nc6 3 Bb5 g6} 7. Nxd4 cxd4 8. Ne2 b5 9. Bb3 d3 $146 ({You set blue moves yourself with the critical opening position annotation.:} 9... Bb7 10. d3 d5 11. f3 e6 12. Qe1 Ne7 13. Qh4 dxe4 14. fxe4 {1-0 (36) Karjakin,S (2760)-Soumya,S (2423) Douglas 2018}) 10. cxd3 Bb7 11. f4 e6 12. Ng3 Ne7 13. d4 Bxd4+ 14. Kh1 d5 15. e5 Nf5 16. Ne2 Bb6 17. d4 h5 18. Bc2 h4 19. Bxf5 gxf5 20. a4 b4 21. a5 Ba7 22. Bd2 Bc6 23. Bxb4 Rb8 24. Bc3 Bb5 25. h3 Rg8 26. Rf2 Rc8 27. Ng1 Rh8 28. Nf3 Rc4 29. Qe1 Kd7 30. Rd2 Qe7 31. Rdd1 Qd8 32. Ng5 Ke8 33. Nf3 Kd7 34. Rdc1 Ke8 35. Qd2 Kd7 36. b3 Rc6 37. Bb4 Qg8 38. Ba3 Qd8 39. Qb4 Kc7 40. Rxc6+ Kxc6 41. Rc1+ Kb7 42. Qc3 Qd7 43. Bd6 Rc8 44. Qxc8+ Qxc8 45. Rxc8 Kxc8 46. Bc5 Bxc5 47. dxc5 Bd3 48. Nd4 Kc7 49. g3 hxg3 50. Kg2 Bb5 51. Nxb5+ axb5 52. b4 d4 53. Kxg3 Kc6 54. a6 Kc7 55. h4 Kc6 56. h5 d3 57. Kf3 d2 58. Ke2 d1=Q+ 59. Kxd1 f6 60. h6 fxe5 61. h7 exf4 62. h8=Q f3 63. a7 1-0

[Event "FRA-ch Youth U12 2019"]
[Site "Hyeres"]
[Date "2019.04.17"]
[Round "5.3"]
[White "Ider, Bayar"]
[Black "Kuhn, Clement"]
[Result "1-0"]
[ECO "E60"]
[WhiteElo "1609"]
[BlackElo "1936"]
[Annotator "NA RC"]
[PlyCount "100"]
[EventDate "2019.04.14"]
[EventType "swiss"]
[EventCountry "FRA"]
[SourceTitle "playchess.com"]
[Source "ChessBase"]
[SourceQuality "1"]
[TimeControl "5400+30"]

1. d4 Nf6 2. Nf3 g6 3. e3 Bg7 4. b4 O-O 5. Bb2 d6 6. Be2 Nbd7 7. c4 a6 8. a4 b6 9. Nc3 Bb7 10. Qc2 e5 11. O-O Qe7 12. a5 Ne8 13. Nd5 Qd8 14. Rfd1 Bxd5 15. cxd5 b5 16. Rac1 f5 17. dxe5 dxe5 18. h4 h6 19. Qb3 Nd6 20. Rc6 g5 21. hxg5 hxg5 22. Rdc1 g4 23. Ne1 Ra7 24. Qc2 g3 25. Nf3 Bh6 26. Rxc7 gxf2+ 27. Kxf2 Rxc7 28. Qxc7 Bxe3+ 29. Kxe3 Nc4+ 30. Rxc4 bxc4 31. Qxd8 Rxd8 32. Bxc4 Rb8 33. Nxe5 Rxb4 34. d6+ Kh7 35. Nxd7 Rxb2 36. Nb6 f4+ 37. Kd4 Rd2+ 38. Bd3+ Kg7 39. d7 Rxg2 40. d8=Q f3 41. Qd7+ Kh6 42. Qh3+ Kg7 43. Qxf3 Rg5 44. Qb7+ Kf6 45. Nd5+ Rxd5+ 46. Qxd5 Kg7 47. Ke5 Kh8 48. Qe4 Kg7 49. Qh7+ Kf8 50. Kd5 Ke8 1-0

[Event "FRA-ch Youth U12 2019"]
[Site "Hyeres"]
[Date "2019.04.17"]
[Round "5.4"]
[White "Fischler, Oscar"]
[Black "Lanz, Remi"]
[Result "1-0"]
[ECO "A08"]
[WhiteElo "1758"]
[BlackElo "1274"]
[Annotator "NA RC"]
[PlyCount "31"]
[EventDate "2019.04.14"]
[EventType "swiss"]
[EventCountry "FRA"]
[SourceTitle "playchess.com"]
[Source "ChessBase"]
[SourceQuality "1"]
[TimeControl "5400+30"]

1. Nf3 d5 2. g3 c5 3. Bg2 Nc6 4. O-O Bg4 5. d3 Nf6 6. Nbd2 e6 7. h3 Bh5 8. g4 Bg6 9. Nh4 Qc7 10. f4 O-O-O 11. c4 Be7 12. f5 exf5 13. Nxf5 Bxf5 14. Rxf5 dxc4 15. Nxc4 Nd4 16. Rf2 1-0

[Event "FRA-ch Youth U12 2019"]
[Site "Hyeres"]
[Date "2019.04.18"]
[Round "6.1"]
[White "Bat, Bilguun"]
[Black "Maurizzi, Marc Andria"]
[Result "0-1"]
[ECO "E60"]
[WhiteElo "2163"]
[BlackElo "2276"]
[Annotator "NA"]
[PlyCount "80"]
[EventDate "2019.04.14"]
[EventType "swiss"]
[EventCountry "FRA"]
[SourceTitle "playchess.com"]
[Source "ChessBase"]
[SourceQuality "1"]
[TimeControl "5400+30"]

1. d4 Nf6 2. Nf3 g6 3. g3 Bg7 4. Bg2 O-O 5. O-O d6 6. b3 Nbd7 7. Bb2 c6 8. c4 Qc7 9. Nc3 e5 10. Qc2 Re8 11. e4 exd4 12. Nxd4 Nc5 13. Rad1 Bd7 14. h3 a5 15. a3 Re7 16. Rfe1 Rae8 17. b4 axb4 18. axb4 Na6 19. Ba3 Qc8 20. Kh2 Re5 21. Nde2 Rh5 22. Nf4 Rh6 23. b5 Nc5 24. Bxc5 dxc5 25. bxc6 bxc6 26. Na4 g5 27. Nb6 Qc7 28. Nxd7 gxf4 29. Nxf6+ Bxf6 30. Rd3 Rg6 31. Rf3 fxg3+ 32. fxg3 Be5 33. Ree3 Kh8 34. Kh1 Bxg3 35. Rf1 Be5 36. Re2 Reg8 37. Qd3 f6 38. Qb3 Qd7 39. Qd1 Rxg2 40. Qxd7 Rxe2 0-1

[Event "FRA-ch Youth U12 2019"]
[Site "Hyeres"]
[Date "2019.04.18"]
[Round "6.2"]
[White "Ider, Bayar"]
[Black "Fischler, Oscar"]
[Result "0-1"]
[ECO "D23"]
[WhiteElo "1609"]
[BlackElo "1758"]
[Annotator "NA"]
[PlyCount "51"]
[EventDate "2019.04.14"]
[EventType "swiss"]
[EventCountry "FRA"]
[SourceTitle "playchess.com"]
[Source "ChessBase"]
[SourceQuality "1"]
[TimeControl "5400+30"]

1. d4 d5 2. Nf3 Nf6 3. g3 c5 4. c4 dxc4 5. Bg2 Nc6 6. dxc5 Qa5+ 7. Bd2 Qxc5 8. O-O g6 9. Nc3 Bg7 10. Qc1 O-O 11. Bh6 a6 12. Bxg7 Kxg7 13. Nd2 b5 14. a4 Bb7 15. axb5 axb5 16. Rxa8 Rxa8 17. Nde4 Nxe4 18. Nxe4 Qb4 19. Ng5 h6 20. Nf3 Ra2 21. Qe3 Qxb2 22. Qb6 Ba8 23. Qe3 Qxe2 24. Qc3+ e5 25. Qe1 Qxe1 26. Rxe1 0-1

[Event "FRA-ch Youth U12 2019"]
[Site "Hyeres"]
[Date "2019.04.18"]
[Round "6.3"]
[White "Lesueur, Gabriel"]
[Black "Siffert, Arman"]
[Result "1/2-1/2"]
[ECO "B99"]
[WhiteElo "1589"]
[BlackElo "1701"]
[Annotator "NA"]
[PlyCount "54"]
[EventDate "2019.04.14"]
[EventType "swiss"]
[EventCountry "FRA"]
[SourceTitle "playchess.com"]
[Source "ChessBase"]
[SourceQuality "1"]
[TimeControl "5400+30"]

1. e4 c5 2. Nf3 d6 3. d4 cxd4 4. Nxd4 Nf6 5. Nc3 a6 6. Bg5 e6 7. f4 Nbd7 8. Qf3 Be7 9. O-O-O Qc7 10. g4 b5 11. Bxf6 Nxf6 12. g5 Nd7 13. h4 b4 14. Nce2 Bb7 15. Ng3 Rc8 16. Rh2 d5 17. e5 Nc5 18. Nh5 Bf8 19. Bh3 g6 20. Nf6+ Kd8 21. h5 Qa5 22. Kb1 Na4 23. Qb3 Nc5 24. Qe3 Na4 25. Qb3 Nc5 26. Qe3 Na4 27. Qb3 Nc5 1/2-1/2

[Event "FRA-ch Youth U12 2019"]
[Site "Hyeres"]
[Date "2019.04.18"]
[Round "6.4"]
[White "Volkov, Andreiy"]
[Black "Makkar, Rajat"]
[Result "0-1"]
[ECO "C47"]
[WhiteElo "1628"]
[BlackElo "2147"]
[Annotator "NA"]
[PlyCount "50"]
[EventDate "2019.04.14"]
[EventType "swiss"]
[EventCountry "FRA"]
[SourceTitle "playchess.com"]
[Source "ChessBase"]
[SourceQuality "1"]
[TimeControl "5400+30"]

1. e4 e5 2. Nf3 Nc6 3. Nc3 Nf6 4. d4 exd4 5. Nxd4 Bb4 6. Nxc6 bxc6 7. Bd3 O-O 8. O-O Re8 9. Qf3 d5 10. exd5 cxd5 11. h3 Bxc3 12. bxc3 Ne4 13. c4 Bb7 14. Re1 Nc5 15. Rxe8+ Qxe8 16. Qe3 Qc6 17. cxd5 Qxd5 18. f3 Rd8 19. Bb2 Nxd3 20. cxd3 f6 21. Qxa7 Qb5 22. Rc1 Qxb2 23. Rxc7 Qa1+ 24. Kf2 Re8 25. Kg3 Qe5+ 0-1

[Event "FRA-ch Youth U12 2019"]
[Site "Hyeres"]
[Date "2019.04.19"]
[Round "7.1"]
[White "Maurizzi, Marc Andria"]
[Black "Fischler, Oscar"]
[Result "1-0"]
[ECO "C42"]
[WhiteElo "2276"]
[BlackElo "1758"]
[Annotator "NA"]
[PlyCount "43"]
[EventDate "2019.04.14"]
[EventType "swiss"]
[EventCountry "FRA"]
[SourceTitle "playchess.com"]
[Source "ChessBase"]
[SourceQuality "1"]
[TimeControl "5400+30"]

1. e4 e5 2. Nf3 Nf6 3. Nxe5 d6 4. Nf3 Nxe4 5. d4 d5 6. Bd3 Bf5 7. O-O Be7 8. Re1 O-O 9. Nbd2 Nd6 10. Nf1 Nc6 11. Ng3 Bg4 12. c3 g6 13. h3 Be6 14. Bh6 Re8 15. Qd2 Bf6 16. Qf4 Bg7 17. Nh5 Bh8 18. Bg5 f6 19. Bxf6 Qd7 20. Bxh8 Kxh8 21. Nf6 Qf7 22. Ng5 1-0

[Event "FRA-ch Youth U12 2019"]
[Site "Hyeres"]
[Date "2019.04.19"]
[Round "7.2"]
[White "Siffert, Arman"]
[Black "Bat, Bilguun"]
[Result "1/2-1/2"]
[ECO "B22"]
[WhiteElo "1701"]
[BlackElo "2163"]
[Annotator "NA"]
[PlyCount "123"]
[EventDate "2019.04.14"]
[EventType "swiss"]
[EventCountry "FRA"]
[SourceTitle "playchess.com"]
[Source "ChessBase"]
[SourceQuality "1"]
[TimeControl "5400+30"]

1. e4 c5 2. c3 d5 3. exd5 Qxd5 4. d4 Nf6 5. Nf3 Bg4 6. Be2 e6 7. h3 Bh5 8. O-O Nc6 9. a3 Be7 10. c4 Qd7 11. dxc5 a5 12. Be3 Qxd1 13. Rxd1 Ne4 14. Nc3 Nxc3 15. bxc3 Bg6 16. Nd4 O-O-O 17. Nxc6 bxc6 18. Bd4 Bf6 19. f4 Rxd4 20. cxd4 Rd8 21. Kf1 Bxd4 22. Ra2 Bxc5 23. Rxd8+ Kxd8 24. Bf3 Kc7 25. Ke2 h5 26. g3 Bd4 27. h4 f6 28. g4 hxg4 29. Bxg4 Bf7 30. Kd3 e5 31. Rg2 c5 32. Bf3 f5 33. fxe5 Bxe5 34. h5 Bf6 35. Rg1 Kd6 36. Rb1 Be8 37. Rb8 Bd7 38. Ra8 a4 39. Bd1 f4 40. Bxa4 Bf5+ 41. Kd2 Bg4 42. Bd1 f3 43. Ke1 Bh4+ 44. Kd2 Bxh5 45. Rf8 Bg5+ 46. Ke1 Bf6 47. Kf2 Bd4+ 48. Kf1 Bf6 49. Kf2 Ke7 50. Rh8 Bd4+ 51. Kf1 Bg4 52. Rh4 Be6 53. Re4 Kd6 54. Rxe6+ Kxe6 55. Bxf3 Kf5 56. Kg2 g5 57. a4 g4 58. Bd5 Bc3 59. Bg8 Kf4 60. Bd5 Be1 61. Bg8 Ke5 62. Bd5 1/2-1/2

[Event "FRA-ch Youth U12 2019"]
[Site "Hyeres"]
[Date "2019.04.19"]
[Round "7.3"]
[White "Makkar, Rajat"]
[Black "Choiset, Arthur"]
[Result "1-0"]
[ECO "E64"]
[WhiteElo "2147"]
[BlackElo "1513"]
[Annotator "NA"]
[PlyCount "73"]
[EventDate "2019.04.14"]
[EventType "swiss"]
[EventCountry "FRA"]
[SourceTitle "playchess.com"]
[Source "ChessBase"]
[SourceQuality "1"]
[TimeControl "5400+30"]

1. d4 Nf6 2. c4 g6 3. g3 Bg7 4. Bg2 O-O 5. Nc3 d6 6. Nf3 c5 7. d5 Na6 8. O-O Rb8 9. e4 Nc7 10. a4 e5 11. Ne1 Nd7 12. Nd3 Nb6 13. b3 f5 14. Qe2 Nd7 15. Qc2 Nf6 16. Bg5 h6 17. Be3 Ng4 18. Bd2 Na6 19. h3 Nf6 20. Rae1 Re8 21. f4 fxe4 22. Nxe4 Nxe4 23. Rxe4 Bf5 24. g4 Bxe4 25. Bxe4 Qh4 26. Kg2 Qe7 27. Bxg6 Rf8 28. f5 e4 29. Nf4 e3 30. Re1 Bd4 31. Qd3 Qh4 32. Rxe3 Bxe3 33. Qxe3 Nc7 34. Ne6 Rfe8 35. Bxe8 Rxe8 36. Qxh6 Qxh6 37. Bxh6 1-0

[Event "FRA-ch Youth U12 2019"]
[Site "Hyeres"]
[Date "2019.04.19"]
[Round "7.4"]
[White "Xiong, Noe"]
[Black "Mekhane, Adam"]
[Result "0-1"]
[ECO "B58"]
[WhiteElo "1586"]
[BlackElo "1995"]
[Annotator "NA"]
[PlyCount "60"]
[EventDate "2019.04.14"]
[EventType "swiss"]
[EventCountry "FRA"]
[SourceTitle "playchess.com"]
[Source "ChessBase"]
[SourceQuality "1"]
[TimeControl "5400+30"]

1. e4 c5 2. Nf3 Nc6 3. d4 cxd4 4. Nxd4 Nf6 5. Nc3 d6 6. Be2 e5 7. Ndb5 a6 8. Na3 b5 9. Nd5 Nxe4 10. Bf3 f5 11. O-O Be7 12. Re1 O-O 13. Bxe4 fxe4 14. Nxe7+ Nxe7 15. Rxe4 Bb7 16. Rg4 Nf5 17. c3 Qf6 18. Qe2 h6 19. Nc2 Rf7 20. Ne3 h5 21. Rb4 Nh4 22. Bd2 Raf8 23. Rf1 Qg5 24. Rxh4 Qxh4 25. c4 bxc4 26. Nxc4 Rf6 27. Nb6 Bc6 28. a4 Rg6 29. f3 Rb8 30. Qxa6 Qd4+ 0-1

[Event "FRA-ch Youth U12 2019"]
[Site "Hyeres"]
[Date "2019.04.20"]
[Round "8.1"]
[White "Lesueur, Gabriel"]
[Black "Maurizzi, Marc Andria"]
[Result "0-1"]
[ECO "B33"]
[WhiteElo "1589"]
[BlackElo "2276"]
[Annotator "NA"]
[PlyCount "66"]
[EventDate "2019.04.14"]
[EventType "swiss"]
[EventCountry "FRA"]
[SourceTitle "playchess.com"]
[Source "ChessBase"]
[SourceQuality "1"]
[TimeControl "5400+30"]

1. e4 c5 2. Nf3 d6 3. d4 cxd4 4. Nxd4 Nf6 5. Nc3 Nc6 6. Be3 e5 7. Ndb5 a6 8. Na3 b5 9. Nd5 Nxd5 10. exd5 Ne7 11. c4 Nf5 12. Bd2 g6 13. cxb5 Bg7 14. bxa6 O-O 15. Be2 e4 16. Nc4 Bxa6 17. O-O Bxc4 18. Bxc4 Bxb2 19. Rb1 Bd4 20. Qe2 Re8 21. Be3 Nxe3 22. fxe3 Bc5 23. Kh1 Ra7 24. Qg4 Qa5 25. Bb5 Ree7 26. Qc8+ Kg7 27. Bc6 Qa6 28. Qd8 Qa5 29. Qc8 Qc7 30. Qxc7 Raxc7 31. Rb3 f5 32. a4 Kf6 33. g3 Ke5 0-1

[Event "FRA-ch Youth U12 2019"]
[Site "Hyeres"]
[Date "2019.04.20"]
[Round "8.2"]
[White "Mekhane, Adam"]
[Black "Makkar, Rajat"]
[Result "0-1"]
[ECO "C85"]
[WhiteElo "1995"]
[BlackElo "2147"]
[Annotator "NA"]
[PlyCount "118"]
[EventDate "2019.04.14"]
[EventType "swiss"]
[EventCountry "FRA"]
[SourceTitle "playchess.com"]
[Source "ChessBase"]
[SourceQuality "1"]
[TimeControl "5400+30"]

1. e4 e5 2. Nf3 Nc6 3. Bb5 a6 4. Ba4 Nf6 5. O-O Be7 6. Bxc6 dxc6 7. d3 Bg4 8. h3 Bxf3 9. Qxf3 Qd7 10. Qg3 Qe6 11. Nd2 Nh5 12. Qg4 Qxg4 13. hxg4 Nf4 14. Nc4 Ne2+ 15. Kh2 h5 16. g5 Nxc1 17. Raxc1 Bxg5 18. Rcd1 b5 19. Na5 c5 20. c4 Rh6 21. g3 h4 22. gxh4 Bxh4 23. Kg2 Rg6+ 24. Kf3 Kd7 25. Ke2 Rf6 26. f3 Rh8 27. Rg1 Rh7 28. Rg2 Rfh6 29. Rdg1 Bf6 30. Kf2 Rh1 31. Nb3 Kd6 32. Nd2 R7h2 33. Nf1 Bh4+ 34. Ke2 Rxg1 35. Rxh2 g5 36. Ne3 Rb1 37. Nf5+ Kc6 38. Ke3 b4 39. Rg2 a5 40. Nh6 f6 41. Nf5 a4 42. Rh2 a3 43. bxa3 bxa3 44. Ne7+ Kb7 45. Nd5 Be1 46. Re2 Ba5 47. Rc2 Rb2 48. Re2 c6 49. Nxf6 Bc3 50. Kf2 Ka6 51. Ng4 Ka5 52. Kf1 Bd4 53. Ne3 Bxe3 54. Rxe3 Rxa2 55. Re1 Rb2 56. d4 cxd4 57. Ra1 a2 58. Rxa2+ Rxa2 59. c5 Kb4 0-1

[Event "FRA-ch Youth U12 2019"]
[Site "Hyeres"]
[Date "2019.04.20"]
[Round "8.3"]
[White "Bat, Bilguun"]
[Black "Ider, Bayar"]
[Result "1-0"]
[ECO "D05"]
[WhiteElo "2163"]
[BlackElo "1609"]
[Annotator "NA"]
[PlyCount "41"]
[EventDate "2019.04.14"]
[EventType "swiss"]
[EventCountry "FRA"]
[SourceTitle "playchess.com"]
[Source "ChessBase"]
[SourceQuality "1"]
[TimeControl "5400+30"]

1. d4 Nf6 2. Nf3 e6 3. e3 d5 4. Bd3 Bd6 5. O-O O-O 6. b3 c5 7. Bb2 Nc6 8. a3 Qc7 9. dxc5 Be7 10. Nbd2 h6 11. b4 a6 12. c4 dxc4 13. Nxc4 Rd8 14. Qc2 Nd5 15. Rfd1 a5 16. b5 Nb8 17. e4 Nf6 18. Nb6 Ra7 19. Na4 b6 20. Be5 Qd7 21. Bxb8 1-0